Vegas Golden Knights vs Arizona Coyotes
Created - Sunday, August 24, 2025 at 08:13
Goals
|
| Vegas Golden Knights |
2 |
3 |
3 |
8 |
| Arizona Coyotes |
2 |
2 |
0 |
4 |
|
Shots
|
| Vegas Golden Knights |
16 |
13 |
12 |
41 |
| Arizona Coyotes |
13 |
14 |
2 |
29 |
|
1st period
1. Vegas Golden Knights , Auston Matthews 7 (Bryan Rust 7, Mika Zibanejad 10) at 6:58
2. Arizona Coyotes , Mats Zuccarello 6 (Mason McTavish 9) at 12:11 (PP)
3. Arizona Coyotes , Tyler Bertuzzi 7 (Ross Colton 4) at 16:46
4. Vegas Golden Knights , Reilly Smith 1 (Erik Johnson 6, Mathew Barzal 4) at 17:32
Penalties :
Erik Haula (AZC) for Tripping (Minor) at 1:12, Radko Gudas (AZC) for Interference (Minor) at 7:01, Jani Hakanpaa (AZC) for Hooking (Minor) at 10:00, Sergei Bobrovsky (VGK) for Slashing (Minor) at 12:07 - Mathieu Olivier served the penalty
2nd period
5. Vegas Golden Knights , Jordan Staal 4 (Mathew Barzal 5, Jared McCann 8) at 5:23
6. Vegas Golden Knights , Auston Matthews 8 (Mika Zibanejad 11, Erik Johnson 7) at 6:19
7. Vegas Golden Knights , Anthony Mantha 4 (Andreas Athanasiou 7, Thomas Chabot 3) at 8:22
8. Arizona Coyotes , Mason McTavish 7 (Mats Zuccarello 11) at 8:28
9. Arizona Coyotes , Mats Zuccarello 7 (Ryan Donato 7, Charlie Coyle 4) at 14:55 (SH)
Penalties :
Jared Spurgeon (AZC) for High sticking (Minor) at 0:22, Mika Zibanejad (VGK) for High sticking (Minor) at 1:15, Jani Hakanpaa (AZC) for Hooking (Minor) at 13:59, Radko Gudas (AZC) for Holding (Minor) at 17:37, Jared McCann (VGK) for Tripping (Minor) at 17:41
3rd period
10. Vegas Golden Knights , Tyler Toffoli 9 (Sean Monahan 13) at 6:55
11. Vegas Golden Knights , Sean Monahan 9 (Tyler Toffoli 10, Jared McCann 9) at 10:41 (PP)
12. Vegas Golden Knights , Mika Zibanejad 4 (Auston Matthews 16, Tyler Toffoli 11) at 14:27
Penalties :
Kiefer Sherwood (AZC) for Goalie Interference (Minor) at 2:05, Mark Jankowski (AZC) for Hooking (Minor) at 4:40, Mathieu Olivier (VGK) for Interference (Minor) at 8:04, Tyler Bertuzzi (AZC) for Tripping (Minor) at 10:33, Anthony Mantha (VGK) for Goalie Interference (Minor) at 12:10, Reilly Smith (VGK) for High sticking (Minor) at 14:56, Johnathan Kovacevic (AZC) for Fighting (Major) at 18:55, Brendan Smith (VGK) for Fighting (Major) at 18:55
Goalie Stats
Sergei Bobrovsky (VGK), 25 saves from 29 shots - (0.862), W, 4-4-0, 60:00 minutes
Jacob Markstrom (AZC), 14 saves from 18 shots - (0.778), L, 0-3-1, 33:41 minutes
Elvis Merzlikins (AZC), 19 saves from 23 shots - (0.826), 26:19 minutes
Players Stats for Vegas Golden Knights
Player Name G A P +/- PIM S H SB GA TA FO MP PP MP PK MP
------------------------------------------------------------------------------------
Andreas Athanasiou 0 1 1 1 0 3 3 0 2 0 4/9 9:56 0:14 3:03
Anthony Mantha 1 0 1 0 2 3 0 1 0 0 0/0 13:05 5:39 0:00
Auston Matthews 2 1 3 2 0 5 3 2 1 1 0/0 19:45 6:59 0:19
Brendan Smith 0 0 0 1 5 0 0 2 0 1 0/0 13:26 0:00 3:49
Bryan Rust 0 1 1 2 0 0 0 0 0 0 0/2 18:53 6:59 1:15
Erik Johnson 0 2 2 1 0 1 0 1 0 1 0/0 13:28 0:00 3:49
Jared McCann 0 2 2 0 2 2 2 0 0 1 0/2 16:51 5:32 0:00
Jordan Staal 1 0 1 1 0 5 0 0 2 2 9/15 12:44 0:28 3:25
Mathew Barzal 0 2 2 1 0 2 2 0 1 0 0/1 17:31 7:30 1:09
Mathieu Olivier 0 0 0 1 2 0 1 0 0 0 0/0 8:46 0:00 2:13
Mika Zibanejad 1 2 3 2 2 8 0 0 1 0 13/18 18:46 6:58 0:02
Reilly Smith 1 0 1 1 2 3 0 2 0 0 0/0 12:36 0:27 2:30
Roman Josi 0 0 0 2 0 3 2 2 0 1 0/0 24:42 5:39 0:14
Sean Monahan 1 1 2 0 0 1 2 0 0 1 9/19 18:08 5:33 0:00
Shea Theodore 0 0 0 3 0 2 1 2 0 2 0/0 24:43 7:20 0:14
Thomas Chabot 0 1 1 1 0 0 1 1 0 1 0/0 14:20 0:03 2:55
Travis Hamonic 0 0 0 1 0 0 2 1 0 1 0/0 14:08 0:00 2:55
Tyler Toffoli 1 2 3 0 0 3 4 1 1 1 1/2 18:07 5:32 0:00
Players Stats for Arizona Coyotes
Player Name G A P +/- PIM S H SB GA TA FO MP PP MP PK MP
------------------------------------------------------------------------------------
Anthony DeAngelo 0 0 0 -1 0 0 1 2 0 1 0/0 12:03 0:00 1:58
Brayden McNabb 0 0 0 -3 0 1 0 3 0 0 0/0 26:53 3:22 7:11
Brock McGinn 0 0 0 -1 0 0 2 0 0 0 0/0 4:58 0:00 0:00
Charlie Coyle 0 1 1 -1 0 3 1 0 0 0 6/13 20:31 3:21 5:32
Erik Haula 0 0 0 -4 2 1 2 0 1 0 9/15 11:59 0:06 0:00
Jani Hakanpaa 0 0 0 -1 4 2 0 1 0 1 0/0 13:02 0:23 0:00
Jared Spurgeon 0 0 0 -3 2 3 0 0 1 1 0/0 25:08 3:22 6:08
Johnathan Kovacevic 0 0 0 0 5 0 2 1 1 3 0/0 22:18 3:36 5:48
Kiefer Sherwood 0 0 0 1 2 0 3 0 0 0 0/0 13:23 3:04 0:00
Mark Jankowski 0 0 0 -1 2 0 0 0 0 0 0/2 5:11 0:00 0:00
Mason McTavish 1 1 2 1 0 5 0 0 0 0 10/21 14:19 3:04 0:55
Mats Zuccarello 2 1 3 2 0 5 0 0 4 1 0/1 21:29 3:31 6:29
Ondrej Palat 0 0 0 -1 0 0 1 0 0 0 0/0 5:17 0:06 0:00
Radko Gudas 0 0 0 0 4 0 0 1 2 1 0/0 22:13 3:40 4:53
Ross Colton 0 1 1 -4 0 0 1 0 1 0 0/1 12:57 0:00 1:12
Ryan Donato 0 1 1 0 0 2 0 1 1 0 5/12 19:40 3:37 6:18
Tyler Bertuzzi 1 0 1 -4 2 5 1 0 1 0 0/1 11:58 0:17 0:00
Tyler Seguin 0 0 0 -1 0 2 0 0 1 0 2/2 20:31 3:21 5:32
3 Stars
1 - Auston Matthews (VGK)
2 - Tyler Toffoli (VGK)
3 - Mats Zuccarello (AZC)
Power Play
Vegas Golden Knights - 1 on 9 Attempt(s) - 11.11%
Arizona Coyotes - 1 on 6 Attempt(s) - 16.67%
Penalty Kill
Vegas Golden Knights - 5 on 6 Attempt(s) - 83.33%
- Score 0 goal in Penalty Kill
Arizona Coyotes - 8 on 9 Attempt(s) - 88.89%
- Score 1 goal in Penalty Kill
Team Stat
Vegas Golden Knights - Hits : 23 - Faceoff Wins : 36 - Blocked Shots : 15 - Penalty Minutes : 17
Arizona Coyotes - Hits : 14 - Faceoff Wins : 32 - Blocked Shots : 9 - Penalty Minutes : 23
Official
Referees : Jean Hebert and Ian Walsh
Linesman : Unknown
Game Notes
Jacob Markstrom enters game at 6:19 of 2nd period
Johnathan Kovacevic beats up Brendan Smith at 18:55 of 3rd period
Finance
Level 1 -- Attendance: 5777 (96.28%) -- Ticket Income $525,707
Level 2 -- Attendance: 4590 (91.80%) -- Ticket Income $252,450
Level 3 -- Attendance: 2932 (97.73%) -- Ticket Income $87,960
Level 4 -- Attendance: 3952 (79.04%) -- Ticket Income $90,896
Luxury Box -- Attendance: 929 (92.90%) -- Ticket Income $177,439
Game was played at the Gila River Arena.
Total Attendance: 18180 (90.90%)
Total Ticket Income: $1,134,452
Other Income: $397,058
Total Income: $1,531,510
Vegas Golden Knights
5 vs 5 Forward
Center Left Wing Right Wing Time % Phy DF OF
1 Mika Zibanejad Auston Matthews Bryan Rust 30 1 2 2
2 Sean Monahan Jared McCann Tyler Toffoli 30 1 2 2
3 Jordan Staal Mathew Barzal Reilly Smith 25 1 2 2
4 Andreas Athanasiou Mathieu Olivier Anthony Mantha 15 1 2 2
5 vs 5 Defense
Defense Defense Time % Phy DF OF
1 Roman Josi Shea Theodore 30 1 2 2
2 Thomas Chabot Travis Hamonic 30 1 2 2
3 Brendan Smith Erik Johnson 25 1 2 2
4 Roman Josi Shea Theodore 15 1 2 2
PowerPlay Forward
Center Left Wing Right Wing Time % Phy DF OF
1 Mika Zibanejad Auston Matthews Bryan Rust 50 1 2 2
2 Sean Monahan Jared McCann Tyler Toffoli 50 1 2 2
PowerPlay Defense
Defense Defense Time % Phy DF OF
1 Shea Theodore Mathew Barzal 50 1 2 2
2 Roman Josi Anthony Mantha 50 1 2 2
Penalty Kill 4 Players Forward
Center Wing Time % Phy DF OF
1 Jordan Staal Reilly Smith 50 1 2 2
2 Andreas Athanasiou Mathieu Olivier 50 1 2 2
Penalty Kill 4 Players Defense
Defense Defense Time % Phy DF OF
1 Thomas Chabot Travis Hamonic 50 1 2 2
2 Brendan Smith Erik Johnson 50 1 2 2
Penalty Kill - 3 Players Forward
Forward Time % Phy DF OF
1 Jordan Staal 50 1 2 2
2 Andreas Athanasiou 50 1 2 2
Penalty Kill - 3 Players Defense
Defense Defense Time % Phy DF OF
1 Thomas Chabot Travis Hamonic 50 1 2 2
2 Brendan Smith Erik Johnson 50 1 2 2
4 vs 4 Forward
Center Wing Time % Phy DF OF
1 Mika Zibanejad Auston Matthews 50 1 2 2
2 Sean Monahan Tyler Toffoli 50 1 2 2
4 vs 4 Defense
Defense Defense Time % Phy DF OF
1 Shea Theodore Roman Josi 50 1 2 2
2 Thomas Chabot Travis Hamonic 50 1 2 2
Last Minutes Offensive
Center Left Wing Right Wing Defense Defense
Sean Monahan Auston Matthews Bryan Rust Shea Theodore Roman Josi
Last Minutes Defensive
Center Left Wing Right Wing Defense Defense
Jordan Staal Mathieu Olivier Reilly Smith Thomas Chabot Travis Hamonic
Goaltenders
Starting : Sergei Bobrovsky
Backup : Mackenzie Blackwood
Extra Forwards
Normal : Sean Monahan, Auston Matthews, Mika Zibanejad - PP : Jordan Staal, Reilly Smith - PK : Bryan Rust
Extra Defensemen
Normal : Thomas Chabot, Shea Theodore, Roman Josi - PP : Thomas Chabot - PK : Shea Theodore, Roman Josi
Penalty Shots
Mika Zibanejad, Sean Monahan, Bryan Rust, Anthony Mantha, Auston Matthews
Scratches
Jack Johnson (Strained Left Elbow Injury), Cole Smith (Healthy)
Arizona Coyotes
5 vs 5 Forward
Center Left Wing Right Wing Time % Phy DF OF
1 Charlie Coyle Ryan Donato Tyler Seguin 31 0 1 4
2 Mason McTavish Mats Zuccarello Kiefer Sherwood 31 1 1 3
3 Erik Haula Tyler Bertuzzi Ross Colton 31 1 1 3
4 Mark Jankowski Ondrej Palat Brock McGinn 7 0 1 4
5 vs 5 Defense
Defense Defense Time % Phy DF OF
1 Radko Gudas Johnathan Kovacevic 35 1 3 1
2 Brayden McNabb Jared Spurgeon 35 1 3 1
3 Jani Hakanpaa Anthony DeAngelo 30 1 2 2
4 Radko Gudas Johnathan Kovacevic 0 1 2 2
PowerPlay Forward
Center Left Wing Right Wing Time % Phy DF OF
1 Charlie Coyle Ryan Donato Tyler Seguin 50 1 1 3
2 Mason McTavish Mats Zuccarello Kiefer Sherwood 50 1 1 3
PowerPlay Defense
Defense Defense Time % Phy DF OF
1 Radko Gudas Johnathan Kovacevic 50 1 2 2
2 Brayden McNabb Jared Spurgeon 50 1 2 2
Penalty Kill 4 Players Forward
Center Wing Time % Phy DF OF
1 Charlie Coyle Tyler Seguin 50 1 2 2
2 Ryan Donato Mats Zuccarello 50 1 2 2
Penalty Kill 4 Players Defense
Defense Defense Time % Phy DF OF
1 Radko Gudas Johnathan Kovacevic 50 1 2 2
2 Brayden McNabb Jared Spurgeon 50 1 2 2
Penalty Kill - 3 Players Forward
Forward Time % Phy DF OF
1 Charlie Coyle 50 1 2 2
2 Tyler Seguin 50 1 2 2
Penalty Kill - 3 Players Defense
Defense Defense Time % Phy DF OF
1 Radko Gudas Johnathan Kovacevic 50 1 2 2
2 Brayden McNabb Jared Spurgeon 50 1 2 2
4 vs 4 Forward
Center Wing Time % Phy DF OF
1 Charlie Coyle Tyler Seguin 50 1 2 2
2 Ryan Donato Mats Zuccarello 50 1 2 2
4 vs 4 Defense
Defense Defense Time % Phy DF OF
1 Radko Gudas Johnathan Kovacevic 50 1 2 2
2 Brayden McNabb Jared Spurgeon 50 1 2 2
Last Minutes Offensive
Center Left Wing Right Wing Defense Defense
Charlie Coyle Ryan Donato Tyler Seguin Radko Gudas Johnathan Kovacevic
Last Minutes Defensive
Center Left Wing Right Wing Defense Defense
Charlie Coyle Ryan Donato Tyler Seguin Radko Gudas Johnathan Kovacevic
Goaltenders
Starting : Elvis Merzlikins
Backup : Jacob Markstrom
Extra Forwards
Normal : Tyler Bertuzzi, Erik Haula, Ross Colton - PP : Tyler Bertuzzi, Erik Haula - PK : Ross Colton
Extra Defensemen
Normal : Jani Hakanpaa, Anthony DeAngelo, Brayden McNabb - PP : Jani Hakanpaa - PK : Anthony DeAngelo, Brayden McNabb
Penalty Shots
Charlie Coyle, Tyler Seguin, Ryan Donato, Mats Zuccarello, Mason McTavish
Scratches
Matt Dumba (Healthy), Maksymilian Szuber (Healthy), Corson Ceulemans (Healthy), Carter Hart (Healthy)
% Time on Ice - Vegas Golden Knights
Lines # - Real PCT - Wanted PCT - Time Play
Normal Forward
1 - 29% - 30% - 10:43
2 - 31% - 30% - 11:33
3 - 23% - 25% - 8:34
4 - 17% - 15% - 6:12
Normal Defense
1 - 35% - 30% - 12:55
2 - 33% - 30% - 12:03
3 - 24% - 25% - 9:02
4 - 8% - 15% - 3:02
PP Forward
1 - 55% - 50% - 7:12
2 - 45% - 50% - 5:47
PP Defense
1 - 56% - 50% - 7:20
2 - 44% - 50% - 5:39
PK Forward
1 - 56% - 50% - 3:53
2 - 44% - 50% - 3:05
PK Defense
1 - 45% - 50% - 3:09
2 - 55% - 50% - 3:49
PK3 Forward
1 - 0% - 50%
2 - 0% - 50%
PK3 Defense
1 - 0% - 50%
2 - 0% - 50%
44 Forward
1 - 50% - 50% - 1:31
2 - 50% - 50% - 1:30
44 Defense
1 - 41% - 50% - 1:15
2 - 59% - 50% - 1:46
Last Minute Offensive - 0:00
Last Minute Defensive - 0:00
Total
Forward - 60:00
Defense - 60:00
|
% Time on Ice - Arizona Coyotes
Lines # - Real PCT - Wanted PCT - Time Play
Normal Forward
1 - 29% - 31% - 10:34
2 - 27% - 31% - 10:10
3 - 31% - 31% - 11:20
4 - 13% - 7% - 4:58
Normal Defense
1 - 36% - 35% - 13:16
2 - 37% - 35% - 13:41
3 - 27% - 30% - 10:05
4 - 0% - 0% - 0:00
PP Forward
1 - 50% - 50% - 3:27
2 - 50% - 50% - 3:31
PP Defense
1 - 52% - 50% - 3:36
2 - 48% - 50% - 3:22
PK Forward
1 - 50% - 50% - 6:30
2 - 50% - 50% - 6:29
PK Defense
1 - 47% - 50% - 6:08
2 - 53% - 50% - 6:51
PK3 Forward
1 - 0% - 50%
2 - 0% - 50%
PK3 Defense
1 - 0% - 50%
2 - 0% - 50%
44 Forward
1 - 56% - 50% - 1:42
2 - 44% - 50% - 1:19
44 Defense
1 - 40% - 50% - 1:13
2 - 60% - 50% - 1:48
Last Minute Offensive - 0:00
Last Minute Defensive - 0:00
Total
Forward - 60:00
Defense - 60:00
|
Play-by-Play
1st period
0:01 of 1st period - Mika Zibanejad wins face-off versus Charlie Coyle in neutral zone.
0:26 of 1st period - Radko Gudas is hit by Roman Josi and loses puck.
0:49 of 1st period - Slapshot by Erik Haula.
0:49 of 1st period - Stopped by Sergei Bobrovsky without a rebound.
0:50 of 1st period - Andreas Athanasiou wins face-off versus Erik Haula in Vegas Golden Knights zone.
1:04 of 1st period - Snap shot by Andreas Athanasiou.
1:04 of 1st period - Stopped by Elvis Merzlikins with a rebound.
1:12 of 1st period - Minor Penalty to Erik Haula for Tripping.
1:13 of 1st period - Mika Zibanejad wins face-off versus Charlie Coyle in Arizona Coyotes zone.
1:28 of 1st period - Snap shot by Mika Zibanejad.
1:28 of 1st period - Shot Blocked by Radko Gudas.
1:30 of 1st period - Slapshot by Mika Zibanejad.
1:30 of 1st period - Stopped by Elvis Merzlikins with a rebound.
3:12 of 1st period - Penalty to Erik Haula is over, Erik Haula is back on ice.
3:22 of 1st period - Wrist shot by Erik Haula.
3:22 of 1st period - Shot Blocked by Reilly Smith.
3:32 of 1st period - Icing by Anthony Mantha.
3:33 of 1st period - Andreas Athanasiou wins face-off versus Mark Jankowski in Vegas Golden Knights zone.
3:33 of 1st period - Andreas Athanasiou is hit by Brock McGinn.
3:39 of 1st period - Jani Hakanpaa is hit by Andreas Athanasiou and loses puck.
3:44 of 1st period - Wrist shot by Andreas Athanasiou.
3:44 of 1st period - Deflect By Reilly Smith.
3:44 of 1st period - Shot Misses the Net.
3:44 of 1st period - Puck is out of play.
3:45 of 1st period - Mika Zibanejad wins face-off versus Mats Zuccarello in Arizona Coyotes zone.
3:52 of 1st period - Wrist shot by Mason McTavish.
3:52 of 1st period - Shot Blocked by Brendan Smith.
3:54 of 1st period - Slapshot by Jared Spurgeon.
3:54 of 1st period - Deflect By Auston Matthews.
3:54 of 1st period - Stopped by Sergei Bobrovsky with a rebound.
3:58 of 1st period - Snap shot by Mats Zuccarello.
3:58 of 1st period - Deflect By Mason McTavish.
3:58 of 1st period - Shot Misses the Net.
3:58 of 1st period - Puck is out of play.
3:59 of 1st period - Erik Haula wins face-off versus Sean Monahan in Vegas Golden Knights zone.
4:00 of 1st period - Wrist shot by Tyler Bertuzzi.
4:00 of 1st period - Stopped by Sergei Bobrovsky without a rebound.
4:01 of 1st period - Sean Monahan wins face-off versus Erik Haula in Vegas Golden Knights zone.
4:28 of 1st period - Wrist shot by Tyler Toffoli.
4:28 of 1st period - Shot Blocked by Jani Hakanpaa.
4:37 of 1st period - Snap shot by Jordan Staal.
4:37 of 1st period - Stopped by Elvis Merzlikins with a rebound.
5:16 of 1st period - Backhand shot by Anthony Mantha.
5:16 of 1st period - Shot Blocked by Brayden McNabb.
5:18 of 1st period - Slapshot by Anthony Mantha.
5:18 of 1st period - Stopped by Elvis Merzlikins without a rebound.
5:19 of 1st period - Erik Haula wins face-off versus Andreas Athanasiou in Arizona Coyotes zone.
5:30 of 1st period - Snap shot by Andreas Athanasiou.
5:30 of 1st period - Stopped by Elvis Merzlikins with a rebound.
5:51 of 1st period - Sean Monahan is hit by Kiefer Sherwood and loses puck.
6:10 of 1st period - Wrist shot by Tyler Seguin.
6:10 of 1st period - Shot Blocked by Roman Josi.
6:12 of 1st period - Slapshot by Brayden McNabb.
6:12 of 1st period - Stopped by Sergei Bobrovsky without a rebound.
6:13 of 1st period - Mika Zibanejad wins face-off versus Charlie Coyle in Vegas Golden Knights zone.
6:20 of 1st period - Slapshot by Mika Zibanejad.
6:20 of 1st period - Stopped by Elvis Merzlikins without a rebound.
6:21 of 1st period - Mika Zibanejad wins face-off versus Erik Haula in Arizona Coyotes zone.
6:28 of 1st period - Snap shot by Bryan Rust.
6:28 of 1st period - Shot Hit the Post.
6:58 of 1st period - Snap shot by Auston Matthews.
6:58 of 1st period - Goal by Auston Matthews - Vegas Golden Knights : 1 - Arizona Coyotes : 0.
6:59 of 1st period - Charlie Coyle wins face-off versus Sean Monahan in neutral zone.
7:01 of 1st period - Minor Penalty to Radko Gudas for Interference.
7:02 of 1st period - Tyler Toffoli wins face-off versus Ryan Donato in Arizona Coyotes zone.
8:50 of 1st period - Jared Spurgeon is hit by Sean Monahan and loses puck.
9:01 of 1st period - Penalty to Radko Gudas is over, Radko Gudas is back on ice.
9:01 of 1st period - Tyler Seguin is hit by Tyler Toffoli and loses puck.
9:28 of 1st period - Tyler Toffoli is hit by Charlie Coyle and loses puck.
9:47 of 1st period - Snap shot by Charlie Coyle.
9:47 of 1st period - Stopped by Sergei Bobrovsky with a rebound.
9:49 of 1st period - Snap shot by Tyler Seguin.
9:49 of 1st period - Shot Misses the Net.
9:51 of 1st period - Slapshot by Jared Spurgeon.
9:51 of 1st period - Stopped by Sergei Bobrovsky without a rebound.
9:52 of 1st period - Jordan Staal wins face-off versus Ross Colton in Vegas Golden Knights zone.
9:57 of 1st period - Snap shot by Reilly Smith.
9:57 of 1st period - Deflect By Mathew Barzal.
9:57 of 1st period - Shot Misses the Net.
9:57 of 1st period - Puck is out of play.
9:58 of 1st period - Erik Haula wins face-off versus Jordan Staal in Arizona Coyotes zone.
10:00 of 1st period - Minor Penalty to Jani Hakanpaa for Hooking.
10:01 of 1st period - Mika Zibanejad wins face-off versus Ryan Donato in Arizona Coyotes zone.
10:09 of 1st period - Wrist shot by Bryan Rust.
10:09 of 1st period - Shot Blocked by Johnathan Kovacevic.
10:11 of 1st period - Slapshot by Shea Theodore.
10:11 of 1st period - Stopped by Elvis Merzlikins with a rebound.
11:31 of 1st period - Brayden McNabb is hit by Andreas Athanasiou and loses puck.
12:00 of 1st period - Penalty to Jani Hakanpaa is over, Jani Hakanpaa is back on ice.
12:07 of 1st period - Wrist shot by Charlie Coyle.
12:07 of 1st period - Stopped by Sergei Bobrovsky without a rebound.
12:07 of 1st period - Minor Penalty to Sergei Bobrovsky for Slashing.
12:08 of 1st period - Mason McTavish wins face-off versus Jordan Staal in Vegas Golden Knights zone.
12:09 of 1st period - Snap shot by Mats Zuccarello.
12:09 of 1st period - Shot Blocked by Reilly Smith.
12:11 of 1st period - Wrist shot by Mats Zuccarello.
12:11 of 1st period - Goal by Mats Zuccarello - Vegas Golden Knights : 1 - Arizona Coyotes : 1.
12:12 of 1st period - Jordan Staal wins face-off versus Mason McTavish in neutral zone.
12:21 of 1st period - Snap shot by Mason McTavish.
12:21 of 1st period - Stopped by Sergei Bobrovsky without a rebound.
12:22 of 1st period - Jordan Staal wins face-off versus Mason McTavish in Vegas Golden Knights zone.
12:45 of 1st period - Snap shot by Mats Zuccarello.
12:45 of 1st period - Stopped by Sergei Bobrovsky with a rebound.
12:47 of 1st period - Wrist shot by Mason McTavish.
12:47 of 1st period - Stopped by Sergei Bobrovsky without a rebound.
12:48 of 1st period - Erik Haula wins face-off versus Mika Zibanejad in Vegas Golden Knights zone.
13:26 of 1st period - Snap shot by Ross Colton.
13:26 of 1st period - Deflect By Erik Johnson.
13:26 of 1st period - Shot Blocked by Brendan Smith.
13:26 of 1st period - Puck is out of play.
13:27 of 1st period - Mika Zibanejad wins face-off versus Mason McTavish in Vegas Golden Knights zone.
13:38 of 1st period - Kiefer Sherwood is hit by Roman Josi and loses puck.
14:17 of 1st period - Jared Spurgeon is hit by Mathew Barzal and loses puck.
14:40 of 1st period - Snap shot by Tyler Bertuzzi.
14:40 of 1st period - Stopped by Sergei Bobrovsky with a rebound.
14:47 of 1st period - Off-side.
14:48 of 1st period - Mika Zibanejad wins face-off versus Mason McTavish in neutral zone.
14:51 of 1st period - Wrist shot by Auston Matthews.
14:51 of 1st period - Stopped by Elvis Merzlikins without a rebound.
14:52 of 1st period - Mason McTavish wins face-off versus Bryan Rust in Arizona Coyotes zone.
15:21 of 1st period - Snap shot by Tyler Bertuzzi.
15:21 of 1st period - Shot Misses the Net.
15:23 of 1st period - Slapshot by Erik Haula.
15:23 of 1st period - Shot Blocked by Auston Matthews.
15:25 of 1st period - Wrist shot by Erik Haula.
15:25 of 1st period - Shot Misses the Net.
15:45 of 1st period - Snap shot by Sean Monahan.
15:45 of 1st period - Shot Misses the Net.
15:47 of 1st period - Wrist shot by Jared McCann.
15:47 of 1st period - Deflect By Ryan Donato.
15:47 of 1st period - Stopped by Elvis Merzlikins without a rebound.
15:48 of 1st period - Jordan Staal wins face-off versus Mason McTavish in Arizona Coyotes zone.
15:51 of 1st period - Wrist shot by Jordan Staal.
15:51 of 1st period - Stopped by Elvis Merzlikins without a rebound.
15:52 of 1st period - Jordan Staal wins face-off versus Mason McTavish in Arizona Coyotes zone.
16:37 of 1st period - Bryan Rust is hit by Erik Haula and loses puck.
16:42 of 1st period - Wrist shot by Tyler Bertuzzi.
16:42 of 1st period - Shot Misses the Net.
16:44 of 1st period - Backhand shot by Tyler Bertuzzi.
16:44 of 1st period - Shot Blocked by Erik Johnson.
16:46 of 1st period - Wrist shot by Tyler Bertuzzi.
16:46 of 1st period - Goal by Tyler Bertuzzi - Vegas Golden Knights : 1 - Arizona Coyotes : 2.
16:47 of 1st period - Mason McTavish wins face-off versus Jordan Staal in neutral zone.
16:56 of 1st period - Snap shot by Reilly Smith.
16:56 of 1st period - Shot Blocked by Anthony DeAngelo.
17:18 of 1st period - Wrist shot by Tyler Bertuzzi.
17:18 of 1st period - Shot Misses the Net.
17:24 of 1st period - Slapshot by Jordan Staal.
17:24 of 1st period - Stopped by Elvis Merzlikins with a rebound.
17:26 of 1st period - Slapshot by Erik Johnson.
17:26 of 1st period - Deflect By Mathew Barzal.
17:26 of 1st period - Stopped by Elvis Merzlikins with a rebound.
17:28 of 1st period - Wrist shot by Mathew Barzal.
17:28 of 1st period - Stopped by Elvis Merzlikins with a rebound.
17:30 of 1st period - Snap shot by Erik Johnson.
17:30 of 1st period - Deflect By Reilly Smith.
17:30 of 1st period - Stopped by Elvis Merzlikins with a rebound.
17:32 of 1st period - Snap shot by Reilly Smith.
17:32 of 1st period - Goal by Reilly Smith - Vegas Golden Knights : 2 - Arizona Coyotes : 2.
17:33 of 1st period - Sean Monahan wins face-off versus Charlie Coyle in neutral zone.
18:57 of 1st period - Icing by Tyler Bertuzzi.
18:58 of 1st period - Erik Haula wins face-off versus Sean Monahan in Arizona Coyotes zone.
19:08 of 1st period - Johnathan Kovacevic is hit by Tyler Toffoli and loses puck.
Goals for this period are 2 for Vegas Golden Knights vs 2 for Arizona Coyotes.
Shots for this period are 16 for Vegas Golden Knights vs 13 for Arizona Coyotes.
2nd period
0:01 of 2nd period - Mason McTavish wins face-off versus Sean Monahan in neutral zone.
0:12 of 2nd period - Slapshot by Jared McCann.
0:12 of 2nd period - Stopped by Elvis Merzlikins with a rebound.
0:22 of 2nd period - Minor Penalty to Jared Spurgeon for High sticking.
0:23 of 2nd period - Sean Monahan wins face-off versus Ryan Donato in Arizona Coyotes zone.
0:50 of 2nd period - Bryan Rust is hit by Anthony DeAngelo and loses puck.
0:57 of 2nd period - Wrist shot by Mats Zuccarello.
0:57 of 2nd period - Shot Misses the Net.
0:59 of 2nd period - Snap shot by Mats Zuccarello.
0:59 of 2nd period - Shot Misses the Net.
1:15 of 2nd period - Minor Penalty to Mika Zibanejad for High sticking.
1:16 of 2nd period - Charlie Coyle wins face-off versus Sean Monahan in Vegas Golden Knights zone.
1:56 of 2nd period - Slapshot by Tyler Seguin.
1:56 of 2nd period - Stopped by Sergei Bobrovsky without a rebound.
1:57 of 2nd period - Ryan Donato wins face-off versus Sean Monahan in Vegas Golden Knights zone.
2:02 of 2nd period - Snap shot by Ryan Donato.
2:02 of 2nd period - Shot Blocked by Shea Theodore.
2:12 of 2nd period - Wrist shot by Sean Monahan.
2:12 of 2nd period - Shot Blocked by Brayden McNabb.
2:22 of 2nd period - Penalty to Jared Spurgeon is over, Jared Spurgeon is back on ice.
2:44 of 2nd period - Snap shot by Ryan Donato.
2:44 of 2nd period - Stopped by Sergei Bobrovsky without a rebound.
2:45 of 2nd period - Charlie Coyle wins face-off versus Andreas Athanasiou in Vegas Golden Knights zone.
3:15 of 2nd period - Penalty to Mika Zibanejad is over, Mika Zibanejad is back on ice.
3:49 of 2nd period - Slapshot by Roman Josi.
3:49 of 2nd period - Stopped by Elvis Merzlikins with a rebound.
3:57 of 2nd period - Slapshot by Andreas Athanasiou.
3:57 of 2nd period - Shot Misses the Net.
3:59 of 2nd period - Slapshot by Roman Josi.
3:59 of 2nd period - Shot Misses the Net.
4:17 of 2nd period - Thomas Chabot is hit by Kiefer Sherwood and loses puck.
4:48 of 2nd period - Slapshot by Mika Zibanejad.
4:48 of 2nd period - Stopped by Elvis Merzlikins with a rebound.
4:50 of 2nd period - Wrist shot by Bryan Rust.
4:50 of 2nd period - Shot Blocked by Anthony DeAngelo.
4:52 of 2nd period - Backhand shot by Auston Matthews.
4:52 of 2nd period - Stopped by Elvis Merzlikins without a rebound.
4:53 of 2nd period - Erik Haula wins face-off versus Sean Monahan in Arizona Coyotes zone.
4:53 of 2nd period - Erik Haula is hit by Tyler Toffoli.
5:01 of 2nd period - Snap shot by Tyler Bertuzzi.
5:01 of 2nd period - Stopped by Sergei Bobrovsky with a rebound.
5:23 of 2nd period - Snap shot by Jordan Staal.
5:23 of 2nd period - Goal by Jordan Staal - Vegas Golden Knights : 3 - Arizona Coyotes : 2.
5:24 of 2nd period - Jordan Staal wins face-off versus Mason McTavish in neutral zone.
6:08 of 2nd period - Ross Colton is hit by Auston Matthews and loses puck.
6:17 of 2nd period - Snap shot by Auston Matthews.
6:17 of 2nd period - Deflect By Mika Zibanejad.
6:17 of 2nd period - Stopped by Elvis Merzlikins with a rebound.
6:19 of 2nd period - Wrist shot by Auston Matthews.
6:19 of 2nd period - Goal by Auston Matthews - Vegas Golden Knights : 4 - Arizona Coyotes : 2.
6:19 of 2nd period - Jacob Markstrom enters game.
6:20 of 2nd period - Mason McTavish wins face-off versus Jordan Staal in neutral zone.
8:18 of 2nd period - Snap shot by Andreas Athanasiou.
8:18 of 2nd period - Stopped by Jacob Markstrom with a rebound.
8:20 of 2nd period - Snap shot by Andreas Athanasiou.
8:20 of 2nd period - Shot Misses the Net.
8:22 of 2nd period - Snap shot by Anthony Mantha.
8:22 of 2nd period - Goal by Anthony Mantha - Vegas Golden Knights : 5 - Arizona Coyotes : 2.
8:23 of 2nd period - Mason McTavish wins face-off versus Jordan Staal in neutral zone.
8:28 of 2nd period - Snap shot by Mason McTavish.
8:28 of 2nd period - Goal by Mason McTavish - Vegas Golden Knights : 5 - Arizona Coyotes : 3.
8:29 of 2nd period - Charlie Coyle wins face-off versus Jordan Staal in neutral zone.
8:49 of 2nd period - Ryan Donato is hit by Mathew Barzal and loses puck.
9:08 of 2nd period - Brayden McNabb is hit by Shea Theodore and loses puck.
9:23 of 2nd period - Shea Theodore is hit by Erik Haula and loses puck.
9:30 of 2nd period - Snap shot by Mathieu Olivier.
9:30 of 2nd period - Shot Misses the Net.
9:32 of 2nd period - Wrist shot by Mathieu Olivier.
9:32 of 2nd period - Shot Misses the Net.
9:34 of 2nd period - Slapshot by Erik Johnson.
9:34 of 2nd period - Stopped by Jacob Markstrom without a rebound.
9:35 of 2nd period - Mason McTavish wins face-off versus Tyler Toffoli in Arizona Coyotes zone.
10:51 of 2nd period - Snap shot by Tyler Seguin.
10:51 of 2nd period - Stopped by Sergei Bobrovsky with a rebound.
10:53 of 2nd period - Slapshot by Jani Hakanpaa.
10:53 of 2nd period - Stopped by Sergei Bobrovsky without a rebound.
10:54 of 2nd period - Sean Monahan wins face-off versus Mason McTavish in Vegas Golden Knights zone.
12:03 of 2nd period - Slapshot by Jared McCann.
12:03 of 2nd period - Shot Misses the Net.
12:11 of 2nd period - Slapshot by Ryan Donato.
12:11 of 2nd period - Shot Blocked by Roman Josi.
12:13 of 2nd period - Snap shot by Charlie Coyle.
12:13 of 2nd period - Stopped by Sergei Bobrovsky with a rebound.
12:15 of 2nd period - Snap shot by Charlie Coyle.
12:15 of 2nd period - Shot Blocked by Tyler Toffoli.
12:53 of 2nd period - Wrist shot by Mats Zuccarello.
12:53 of 2nd period - Deflect By Mason McTavish.
12:53 of 2nd period - Stopped by Sergei Bobrovsky with a rebound.
13:05 of 2nd period - Mark Jankowski is hit by Auston Matthews and loses puck.
13:12 of 2nd period - Slapshot by Jani Hakanpaa.
13:12 of 2nd period - Shot Blocked by Auston Matthews.
13:14 of 2nd period - Snap shot by Jani Hakanpaa.
13:14 of 2nd period - Stopped by Sergei Bobrovsky without a rebound.
13:15 of 2nd period - Erik Haula wins face-off versus Sean Monahan in Vegas Golden Knights zone.
13:59 of 2nd period - Minor Penalty to Jani Hakanpaa for Hooking.
14:00 of 2nd period - Sean Monahan wins face-off versus Ryan Donato in Arizona Coyotes zone.
14:33 of 2nd period - Backhand shot by Mika Zibanejad.
14:33 of 2nd period - Shot Misses the Net.
14:35 of 2nd period - Slapshot by Roman Josi.
14:35 of 2nd period - Shot Blocked by Brayden McNabb.
14:53 of 2nd period - Wrist shot by Ryan Donato.
14:53 of 2nd period - Shot Misses the Net.
14:55 of 2nd period - Snap shot by Mats Zuccarello.
14:55 of 2nd period - Goal by Mats Zuccarello - Vegas Golden Knights : 5 - Arizona Coyotes : 4.
14:56 of 2nd period - Ryan Donato wins face-off versus Jared McCann in neutral zone.
15:07 of 2nd period - Snap shot by Sean Monahan.
15:07 of 2nd period - Shot Misses the Net.
15:09 of 2nd period - Slapshot by Tyler Toffoli.
15:09 of 2nd period - Shot Misses the Net.
15:11 of 2nd period - Snap shot by Tyler Toffoli.
15:11 of 2nd period - Stopped by Jacob Markstrom with a rebound.
15:59 of 2nd period - Penalty to Jani Hakanpaa is over, Jani Hakanpaa is back on ice.
16:19 of 2nd period - Off-side.
16:20 of 2nd period - Jordan Staal wins face-off versus Erik Haula in neutral zone.
16:43 of 2nd period - Jani Hakanpaa is hit by Andreas Athanasiou and loses puck.
16:49 of 2nd period - Off-side.
16:50 of 2nd period - Charlie Coyle wins face-off versus Andreas Athanasiou in neutral zone.
17:37 of 2nd period - Minor Penalty to Radko Gudas for Holding.
17:38 of 2nd period - Sean Monahan wins face-off versus Ryan Donato in Arizona Coyotes zone.
17:41 of 2nd period - Minor Penalty to Jared McCann for Tripping.
17:42 of 2nd period - Ryan Donato wins face-off versus Mika Zibanejad in Vegas Golden Knights zone.
17:42 of 2nd period - Snap shot by Mats Zuccarello.
17:42 of 2nd period - Deflect By Auston Matthews.
17:42 of 2nd period - Stopped by Sergei Bobrovsky with a rebound.
17:44 of 2nd period - Slapshot by Jani Hakanpaa.
17:44 of 2nd period - Deflect By Ryan Donato.
17:44 of 2nd period - Stopped by Sergei Bobrovsky without a rebound.
17:45 of 2nd period - Ryan Donato wins face-off versus Mika Zibanejad in Vegas Golden Knights zone.
17:54 of 2nd period - Slapshot by Mats Zuccarello.
17:54 of 2nd period - Shot Blocked by Shea Theodore.
17:56 of 2nd period - Slapshot by Jani Hakanpaa.
17:56 of 2nd period - Shot Misses the Net.
17:58 of 2nd period - Snap shot by Mats Zuccarello.
17:58 of 2nd period - Stopped by Sergei Bobrovsky without a rebound.
17:59 of 2nd period - Tyler Seguin wins face-off versus Sean Monahan in Vegas Golden Knights zone.
18:24 of 2nd period - Charlie Coyle is hit by Thomas Chabot and loses puck.
18:33 of 2nd period - Snap shot by Auston Matthews.
18:33 of 2nd period - Stopped by Jacob Markstrom with a rebound.
18:35 of 2nd period - Slapshot by Shea Theodore.
18:35 of 2nd period - Deflect By Mika Zibanejad.
18:35 of 2nd period - Shot Misses the Net.
18:35 of 2nd period - Puck is out of play.
18:36 of 2nd period - Ryan Donato wins face-off versus Sean Monahan in Arizona Coyotes zone.
19:37 of 2nd period - Penalty to Radko Gudas is over, Radko Gudas is back on ice.
19:41 of 2nd period - Penalty to Jared McCann is over, Jared McCann is back on ice.
19:41 of 2nd period - Snap shot by Jared Spurgeon.
19:41 of 2nd period - Stopped by Sergei Bobrovsky without a rebound.
19:42 of 2nd period - Jordan Staal wins face-off versus Tyler Bertuzzi in Vegas Golden Knights zone.
19:57 of 2nd period - Snap shot by Jordan Staal.
19:57 of 2nd period - Stopped by Jacob Markstrom without a rebound.
19:58 of 2nd period - Mika Zibanejad wins face-off versus Mason McTavish in Arizona Coyotes zone.
Goals for this period are 3 for Vegas Golden Knights vs 2 for Arizona Coyotes.
Shots for this period are 13 for Vegas Golden Knights vs 14 for Arizona Coyotes.
3rd period
0:01 of 3rd period - Charlie Coyle wins face-off versus Bryan Rust in neutral zone.
0:26 of 3rd period - Jared Spurgeon is hit by Tyler Toffoli and loses puck.
0:35 of 3rd period - Sean Monahan is hit by Johnathan Kovacevic and loses puck.
0:52 of 3rd period - Thomas Chabot is hit by Tyler Bertuzzi and loses puck.
1:09 of 3rd period - Brock McGinn is hit by Mathieu Olivier and loses puck.
1:14 of 3rd period - Wrist shot by Anthony Mantha.
1:14 of 3rd period - Stopped by Jacob Markstrom with a rebound.
1:20 of 3rd period - Anthony Mantha is hit by Brock McGinn.
2:05 of 3rd period - Minor Penalty to Kiefer Sherwood for Goalie Interference.
2:06 of 3rd period - Sean Monahan wins face-off versus Ryan Donato in Arizona Coyotes zone.
2:32 of 3rd period - Ryan Donato is hit by Auston Matthews and loses puck.
2:59 of 3rd period - Tyler Seguin is hit by Jared McCann and loses puck.
3:46 of 3rd period - Shea Theodore is hit by Johnathan Kovacevic and loses puck.
4:04 of 3rd period - Ross Colton is hit by Sean Monahan and loses puck.
4:05 of 3rd period - Penalty to Kiefer Sherwood is over, Kiefer Sherwood is back on ice.
4:11 of 3rd period - Kiefer Sherwood is hit by Jared McCann and loses puck.
4:22 of 3rd period - Anthony Mantha is hit by Ross Colton and loses puck.
4:27 of 3rd period - Snap shot by Mason McTavish.
4:27 of 3rd period - Stopped by Sergei Bobrovsky with a rebound.
4:29 of 3rd period - Slapshot by Mason McTavish.
4:29 of 3rd period - Deflect By Tyler Toffoli.
4:29 of 3rd period - Shot Blocked by Anthony Mantha.
4:29 of 3rd period - Puck is out of play.
4:30 of 3rd period - Mika Zibanejad wins face-off versus Mark Jankowski in Vegas Golden Knights zone.
4:40 of 3rd period - Minor Penalty to Mark Jankowski for Hooking.
4:41 of 3rd period - Mika Zibanejad wins face-off versus Ryan Donato in Arizona Coyotes zone.
6:11 of 3rd period - Wrist shot by Bryan Rust.
6:11 of 3rd period - Shot Misses the Net.
6:13 of 3rd period - Snap shot by Shea Theodore.
6:13 of 3rd period - Shot Blocked by Ryan Donato.
6:33 of 3rd period - Wrist shot by Auston Matthews.
6:33 of 3rd period - Shot Misses the Net.
6:35 of 3rd period - Snap shot by Mika Zibanejad.
6:35 of 3rd period - Stopped by Jacob Markstrom with a rebound.
6:40 of 3rd period - Penalty to Mark Jankowski is over, Mark Jankowski is back on ice.
6:53 of 3rd period - Wrist shot by Mika Zibanejad.
6:53 of 3rd period - Stopped by Jacob Markstrom without a rebound.
6:54 of 3rd period - Sean Monahan wins face-off versus Erik Haula in Arizona Coyotes zone.
6:55 of 3rd period - Snap shot by Tyler Toffoli.
6:55 of 3rd period - Goal by Tyler Toffoli - Vegas Golden Knights : 6 - Arizona Coyotes : 4.
6:56 of 3rd period - Erik Haula wins face-off versus Jared McCann in neutral zone.
6:59 of 3rd period - Slapshot by Radko Gudas.
6:59 of 3rd period - Shot Blocked by Travis Hamonic.
8:04 of 3rd period - Minor Penalty to Mathieu Olivier for Interference.
8:05 of 3rd period - Andreas Athanasiou wins face-off versus Charlie Coyle in Vegas Golden Knights zone.
8:30 of 3rd period - Andreas Athanasiou is hit by Kiefer Sherwood and loses puck.
9:25 of 3rd period - Wrist shot by Charlie Coyle.
9:25 of 3rd period - Shot Misses the Net.
9:27 of 3rd period - Wrist shot by Charlie Coyle.
9:27 of 3rd period - Deflect By Tyler Seguin.
9:27 of 3rd period - Shot Blocked by Thomas Chabot.
9:27 of 3rd period - Puck is out of play.
9:28 of 3rd period - Mason McTavish wins face-off versus Andreas Athanasiou in Vegas Golden Knights zone.
9:42 of 3rd period - Off-side.
9:43 of 3rd period - Jordan Staal wins face-off versus Mason McTavish in neutral zone.
10:04 of 3rd period - Penalty to Mathieu Olivier is over, Mathieu Olivier is back on ice.
10:33 of 3rd period - Minor Penalty to Tyler Bertuzzi for Tripping.
10:34 of 3rd period - Sean Monahan wins face-off versus Charlie Coyle in Arizona Coyotes zone.
10:41 of 3rd period - Slapshot by Sean Monahan.
10:41 of 3rd period - Goal by Sean Monahan - Vegas Golden Knights : 7 - Arizona Coyotes : 4.
10:42 of 3rd period - Mason McTavish wins face-off versus Mika Zibanejad in neutral zone.
10:44 of 3rd period - Off-side.
10:45 of 3rd period - Mason McTavish wins face-off versus Mika Zibanejad in neutral zone.
11:33 of 3rd period - Tyler Bertuzzi is hit by Travis Hamonic and loses puck.
12:00 of 3rd period - Wrist shot by Ondrej Palat.
12:00 of 3rd period - Shot Misses the Net.
12:10 of 3rd period - Minor Penalty to Anthony Mantha for Goalie Interference.
12:11 of 3rd period - Andreas Athanasiou wins face-off versus Charlie Coyle in Vegas Golden Knights zone.
14:10 of 3rd period - Penalty to Anthony Mantha is over, Anthony Mantha is back on ice.
14:27 of 3rd period - Wrist shot by Auston Matthews.
14:27 of 3rd period - Deflect By Mika Zibanejad.
14:27 of 3rd period - Goal by Mika Zibanejad - Vegas Golden Knights : 8 - Arizona Coyotes : 4.
14:28 of 3rd period - Mika Zibanejad wins face-off versus Erik Haula in neutral zone.
14:56 of 3rd period - Minor Penalty to Reilly Smith for High sticking.
14:57 of 3rd period - Tyler Seguin wins face-off versus Andreas Athanasiou in Vegas Golden Knights zone.
16:56 of 3rd period - Penalty to Reilly Smith is over, Reilly Smith is back on ice.
17:04 of 3rd period - Andreas Athanasiou is hit by Ondrej Palat and loses puck.
17:23 of 3rd period - Snap shot by Tyler Toffoli.
17:23 of 3rd period - Stopped by Jacob Markstrom with a rebound.
17:25 of 3rd period - Wrist shot by Sean Monahan.
17:25 of 3rd period - Shot Misses the Net.
17:37 of 3rd period - Erik Haula is hit by Travis Hamonic.
17:53 of 3rd period - Icing by Johnathan Kovacevic.
17:54 of 3rd period - Erik Haula wins face-off versus Mathew Barzal in Arizona Coyotes zone.
17:59 of 3rd period - Wrist shot by Tyler Bertuzzi.
17:59 of 3rd period - Stopped by Sergei Bobrovsky with a rebound.
18:55 of 3rd period - Johnathan Kovacevic beats up Brendan Smith.
18:55 of 3rd period - Penalty to Johnathan Kovacevic for Fighting.
18:55 of 3rd period - Penalty to Brendan Smith for Fighting.
18:56 of 3rd period - Mika Zibanejad wins face-off versus Mason McTavish in Vegas Golden Knights zone.
19:03 of 3rd period - Snap shot by Bryan Rust.
19:03 of 3rd period - Shot Misses the Net.
19:05 of 3rd period - Wrist shot by Roman Josi.
19:05 of 3rd period - Stopped by Jacob Markstrom with a rebound.
19:07 of 3rd period - Snap shot by Auston Matthews.
19:07 of 3rd period - Deflect By Mika Zibanejad.
19:07 of 3rd period - Stopped by Jacob Markstrom with a rebound.
19:29 of 3rd period - Snap shot by Reilly Smith.
19:29 of 3rd period - Stopped by Jacob Markstrom with a rebound.
19:45 of 3rd period - Slapshot by Roman Josi.
19:45 of 3rd period - Stopped by Jacob Markstrom with a rebound.
19:47 of 3rd period - Slapshot by Shea Theodore.
19:47 of 3rd period - Stopped by Jacob Markstrom with a rebound.
Goals for this period are 3 for Vegas Golden Knights vs 0 for Arizona Coyotes.
Shots for this period are 12 for Vegas Golden Knights vs 2 for Arizona Coyotes.
Back to the Top